 Dungeon Crawl Stone Soup version 0.27.1-1-g398f81649c (webtiles) character file.

Game seed: 5777070515521931542

9 Elvor the Sneak (level 2, 0/19 HPs)
             Began as a Gargoyle Delver on Sept 20, 2021.
             Slain by a hound (4 damage)
             ... on level 4 of the Dungeon.
             The game lasted 00:02:48 (305 turns).

Elvor the Sneak (Gargoyle Delver)                    Turns: 305, Time: 00:02:49

Health: 0/19       AC:  5    Str: 15    XL:     2   Next: 16%
Magic:  2/2        EV: 11    Int: 10    God:
Gold:   9          SH:  0    Dex: 11    Spells: 1/1 levels left

rFire    . . .     SeeInvis .   a - +0 mace
rCold    . . .     Faith    .   (no shield)
rNeg     + . .     Spirit   .   b - +0 leather armour
rPois    ∞         Reflect  .   (no helmet)
rElec    +         Harm     .   (no cloak)
rCorr    .         Rampage  .   (no gloves)
Will     .....                  (no boots)
Stlth    +++.......             (no amulet)
HPRegen  0.06/turn              (no ring)
MPRegen  0.08/turn              (no ring)

@: hasted (expiring), very quick
A: sickness immunity, AC +2, negative energy resistance 1, electricity
resistance, torment resistance 1, petrification resistance
a: no special abilities


You were on level 4 of the Dungeon.
You visited 1 branch of the dungeon, and saw 2 of its levels.

You collected 9 gold pieces.

Inventory:

Hand Weapons
 a - a +0 mace (weapon)
Missiles
 h - 25 sling bullets
 j - 7 poisoned darts (quivered)
Armour
 b - a +0 leather armour (worn)
Wands
 g - a wand of digging (3)
Scrolls
 c - a scroll of fog
 d - a scroll of magic mapping
 e - a scroll of fear
 f - a scroll of teleportation {unknown}
 i - a scroll of identify {unknown}
Potions
 k - a potion of ambrosia {unknown}


   Skills:
 + Level 3.3 Fighting
 + Level 2.0 Maces & Flails
 + Level 1.6 Dodging
 + Level 5.9 Stealth


You had one spell level left.
You didn't know any spells.
Your spell library contained the following spells:

 Spells                   Type           Power      Damage    Failure   Level
 Fireball                 Conj/Fire      0%         3d3       100%        5
 Starburst                Conj/Fire      0%         6d3       100%        6
 Ignition                 Fire           0%         3d3       100%        8


Dungeon Overview and Level Annotations

Branches:
Dungeon (5/15)
 Temple: D:4-7

Altars:

Shops:
D:5 [


Innate Abilities, Weirdness & Mutations

You are immune to sickness and miasma.
Your stone body is resilient. (AC +2)
You are immune to poison.
You resist negative energy. (rN+)
You are resistant to electric shocks. (rElec)
You are resistant to unholy torment.
You are immune to petrification.


Message History

You pick up a book of Fire and begin reading...
You add the spells Fireball, Starburst and Ignition to your library.
The hound pauses to sniff the ground.
The hound barely misses you.
You see here a scroll labelled GOEPRI RIOT.
f - a scroll labelled GOEPRI RIOT The hound bites you but does no damage.
The hound barely misses you.
A ball python comes into view.
The ball python hisses angrily.
The ball python closely misses you. The ball python grabs you.
The ball python constricts you.
You barely miss the ball python. The ball python closely misses you.
The ball python constricts you. The hound completely misses you.
You hit the ball python.
You kill the ball python!
The hound bites you but does no damage.
You see here a ball python corpse.
You hit the hound but do no damage.
The hound pauses to sniff the ground.
The hound closely misses you.
You sock the hound!
The hound is heavily wounded.
The hound bites you.
You hit the hound.
The hound is heavily wounded.
The hound bites you but does no damage.
You completely miss the hound.
The hound is heavily wounded.
Your extra speed is starting to run out.
The hound closely misses you. The hound bites you.
* * * LOW HITPOINT WARNING * * *
You completely miss the hound.
The hound is heavily wounded.
The hound bites you.
* * * LOW HITPOINT WARNING * * *
You closely miss the hound.
The hound is heavily wounded.
The hound bites you.
You die...

#W#
#.#
#.#
#.#
#.#
#W#
#.###
#.h.#
###@#
#.#
#.#
#.#
#.#
#.#
###


You could see a phantom and a hound.

Vanquished Creatures
  A howler monkey skeleton (D:5)
  A ball python (D:4)
2 creatures vanquished.

Notes
Turn   | Place    | Note
-------+----------+-------------------------------------------
     0 | D:5      | Elvor the Gargoyle Delver began the quest for the Orb.
     0 | D:5      | Reached XP level 1. HP: 14/14 MP: 1/1
    35 | D:5      | Found Kuiqeuf's Antique Armour Shop.
    60 | D:5      | Reached XP level 2. HP: 8/19 MP: 2/2
   247 | D:5      | Noticed a water moccasin
   252 | D:5      | Noticed a phantom
   305 | D:4      | Slain by a hound

Illustrated notes

Levels and vault maps discovered:
D:4:      layout_loops_ring, minmay_temple_entry_hall, serial_bayou_pond_c,
          minmay_misc_feat_rows, roderic_roman_lattice, uniq_pikel,
          uniq_crazy_yiuf_cottage
D:5:      layout_basic, serial_shops, kennysheep_little_box, uniq_eustachio

Action                   || total
-------------------------++-------
Melee: Mace              ||    13
  Use: Scroll            ||     1
       Potion            ||     1
Armor: Leather armour    ||     6
Dodge: Dodged            ||    10
